 Dungeon Crawl Stone Soup version 0.27-a0-1555-g0e7b3fb1d2 (webtiles) character file.

Game seed: 801686688351008502

63 benadryl the Gusty (level 4, 0/33 HPs)
             Began as a Barachi Air Elementalist on July 14, 2021.
             Slain by Robin (3 damage)
             ... on level 2 of the Dungeon.
             The game lasted 00:07:28 (2928 turns).

benadryl the Gusty (Barachi Air Elementalist)       Turns: 2928, Time: 00:07:29

Health: 0/33       AC:  2    Str: 10    XL:     4   Next: 10%
Magic:  6/8        EV: 12    Int: 16    God:
Gold:   32         SH:  0    Dex: 12    Spells: 3/8 levels left

rFire    . . .     SeeInvis .   d - +0 dagger
rCold    . . .     Faith    .   (no shield)
rNeg     . . .     Spirit   .   a - +0 robe
rPois    .         Reflect  .   (no helmet)
rElec    .         Harm     .   (no cloak)
rCorr    .         Rampage  .   (no gloves)
Will     .....                  (no boots)
Stlth    ++........             (no amulet)
HPRegen  0.11/turn              (no ring)
MPRegen  0.11/turn              (no ring)

@: slow
A: amphibious, slowness 1, strong legs 1, +LOS
a: Hop


You were on level 2 of the Dungeon.
You visited 1 branch of the dungeon, and saw 2 of its levels.

You collected 32 gold pieces.

Inventory:

Hand Weapons
 d - a +0 dagger (weapon)
Missiles
 f - 6 curare-tipped darts (quivered)
 h - 5 poisoned darts
Armour
 a - a +0 robe (worn)
Scrolls
 b - 2 scrolls of magic mapping {unknown}
 e - a scroll of vulnerability {unknown}
 g - a scroll of teleportation {unknown}
Potions
 c - 6 potions of curing {unknown}
 i - a potion of flight {unknown}


   Skills:
 + Level 2.0 Fighting
 - Level 2.1 Dodging
 - Level 1.7 Stealth
 + Level 2.8 Spellcasting
 - Level 1.1 Conjurations
 * Level 4.4 Air Magic


You had 3 spell levels left.
You knew the following spells:

 Your Spells              Type           Power      Damage    Failure   Level
a - Shock                 Conj/Air       44%        1d5       6%          1
b - Airstrike             Air            8%         N/A       30%         4

Your spell library contained the following spells:

 Spells                   Type           Power      Damage    Failure   Level
 Static Discharge         Conj/Air       11%        N/A       10%         2
 Swiftness                Air            16%        N/A       10%         3
 Summon Guardian Golem    Hex/Summ       2%         N/A       50%         3
 Orb of Destruction       Conj           2%         9d1       100%        7
 Spellforged Servitor     Conj/Summ      2%         N/A       100%        7


Dungeon Overview and Level Annotations

Branches:
Dungeon (2/15)

Altars:

Annotations:
D:2 Robin


Innate Abilities, Weirdness & Mutations

You are amphibious.
You cover ground slowly.
You can hop short distances.
You have an extended range of vision and can be seen from far away.


Message History

Casting: Shock (safe; 6% risk of failure)
Confirm with . or Enter, or press ? or * to list all spells.
Aiming: Shock (safe; 6% risk of failure)
Press: ? - help, Shift-Dir - straight line
Okay, then.
Robin barely misses you. x2
Casting: Shock (safe; 6% risk of failure)
Confirm with . or Enter, or press ? or * to list all spells.
Aiming: Shock (safe; 6% risk of failure)
Press: ? - help, Shift-Dir - straight line
Okay, then.
Robin hits you from afar with a +0 spear.
A giant cockroach comes into view.
Casting: Shock (safe; 6% risk of failure)
Confirm with . or Enter, or press ? or * to list all spells.
Aiming: Shock (safe; 6% risk of failure)
Press: ? - help, Shift-Dir - straight line
Okay, then.
Robin misses you. Robin hits you but does no damage.
Casting: Shock (safe; 6% risk of failure)
Confirm with . or Enter, or press ? or * to list all spells.
Aiming: Shock (safe; 6% risk of failure)
Press: ? - help, Shift-Dir - straight line That beam is likely to hit you.
Continue anyway?
The zap misses Robin. x2; The zap misses you.
Robin hits you from afar with a +0 spear!
Casting: Shock (safe; 6% risk of failure)
Confirm with . or Enter, or press ? or * to list all spells.
Aiming: Shock (safe; 6% risk of failure)
Press: ? - help, Shift-Dir - straight line That beam is likely to hit you.
Continue anyway?
The zap hits Robin but does no damage.
The zap hits Robin.
Robin is lightly wounded.
The zap hits you.
Robin hits you from afar with a +0 spear.
Robin hits you from afar with a +0 spear!
Robin hits you from afar with a +0 spear!
* * * LOW HITPOINT WARNING * * *
Robin hits you from afar with a +0 spear.
You die...

#..........
#..........
...........
..).......
..........
#######........#
#.............#
#....g..#######
#......@#
#.......#
#.......#
#.......#
#.......#
###..#### .....
#..... #.#...


You could see Robin.

Vanquished Creatures
  2 dart slugs (D:1)
  7 bats (D:1)
  4 endoplasms (D:1)
  2 giant cockroaches (D:1)
  12 goblins
  6 hobgoblins (D:1)
  3 jackals (D:1)
  5 quokkas (D:1)
  4 ball pythons (D:1)
  2 kobolds (D:1)
  2 rats (D:1)
49 creatures vanquished.

Notes
Turn   | Place    | Note
-------+----------+-------------------------------------------
     0 | D:1      | benadryl the Barachi Air Elementalist began the quest for
                  | the Orb.
     0 | D:1      | Reached XP level 1. HP: 13/13 MP: 3/3
   395 | D:1      | Reached XP level 2. HP: 15/20 MP: 5/5
   542 | D:1      | Reached skill level 1 in Fighting
  1392 | D:1      | Reached XP level 3. HP: 26/26 MP: 1/6
  1463 | D:1      | Reached skill level 4 in Air Magic
  2453 | D:2      | Noticed Robin
  2725 | D:1      | Reached XP level 4. HP: 24/33 MP: 5/8
  2863 | D:1      | Learned a level 4 spell: Airstrike
  2928 | D:2      | Slain by Robin

Illustrated notes

Levels and vault maps discovered:
D:1:      ncdulo_lavacross, layout_basic, minmay_hexomino_p4
D:2:      layout_rooms, basic_altar, st_stairs_3, uniq_robin

Skill      XL: |  1  2  3 |
---------------+----------+-----
Fighting       | 1 2 |  2.0
Air Magic      | 4 |  4.4
Dodging        | |  2.1
Stealth        | |  1.7
Spellcasting   | |  2.8
Conjurations   | |  1.1

Action                   |  1- 3 |  4- 6 || total
-------------------------+-------+-------++-------
Melee: Club              |    14 |       ||    14
       Dagger            |    46 |       ||    46
 Cast: Shock             |    68 |     8 ||    76
 Stab: Sleeping          |     2 |       ||     2
Armor: Robe              |    44 |     1 ||    45
Dodge: Dodged            |   136 |    12 ||   148

Table legend: (Time is in decaauts)
 A = Elapsed time spent in this place.
 B = Non-inter-level travel time spent in this place.
 C = Inter-level travel time spent in this place.
 D = Time resting spent in this place.
 E = Time spent auto-exploring this place.
 F = Levels seen in this place.
 G = Mean time per level.
                   A        B        C        D        E       F      G
               +--------+--------+--------+--------+--------+-----+--------+
         Total |   3114 |   3070 |     44 |   1767 |    866 |   2 | 1557.0 |
       Dungeon |   3114 |   3070 |     44 |   1767 |    866 |   2 | 1557.0 |
               +--------+--------+--------+--------+--------+-----+--------+

Top non-repeatable levels by time:
     D:1: 3080 daAuts
     D:2: 33 daAuts
